 Dungeon Crawl Stone Soup version 0.30-a0-242-g7bf8e6d787 (webtiles) character file.

Game seed: 79497359357809576

30 porpoise the Vexing (level 3, -3/20 HPs)
             Began as a Deep Elf Hexslinger on Oct 12, 2022.
             Slain by a quokka (4 damage)
             ... on level 2 of the Dungeon.
             The game lasted 00:03:52 (1119 turns).

porpoise the Vexing (Deep Elf Hexslinger)           Turns: 1119, Time: 00:03:52

Health: -3/20      AC:  2    Str:  7    XL:     3   Next: 5%
Magic:  7/9        EV: 13    Int: 17    God:
Gold:   49         SH:  0    Dex: 17    Spells: 7/8 levels left

rFire   . . .      SeeInvis .    b - +0 dagger
rCold   . . .      Faith    .    (no shield)
rNeg    . . .      Spirit   .    c - +0 robe
rPois   .          Reflect  .    (no helmet)
rElec   .          Harm     .    (no cloak)
rCorr   .          Rampage  .    (no gloves)
Will    .....                    (no boots)
Stlth   ++........               (no amulet)
HPRegen 0.23/turn                g - ring of wizardry
MPRegen 0.11/turn                (no ring)

@: no status effects
A: no striking features
a: no special abilities


You were on level 2 of the Dungeon.
You visited 1 branch of the dungeon, and saw 2 of its levels.

You collected 49 gold pieces.

Inventory:

Hand Weapons
 a - a +1 sling
 b - a +0 dagger (weapon)
Armour
 c - a +0 robe (worn)
Jewellery
 g - a ring of wizardry (left hand)
Scrolls
 f - a scroll of poison
 h - a scroll of teleportation {unknown}
 i - a scroll of noise {unknown}
Potions
 d - a potion of attraction {unknown}
 e - 3 potions of might {unknown}
 j - a potion of flight {unknown}
 k - a potion of cancellation {unknown}


   Skills:
 - Level 0.7 Fighting
 + Level 3.9 Ranged Weapons
 - Level 2.4 Dodging
 + Level 3.1 Spellcasting
 - Level 4.0 Hexes


You had 7 spell levels left.
You knew the following spells:

 Your Spells              Type           Power      Damage    Failure   Level
a - Slow                  Hex            64%        N/A       1%          1

Your spell library contained the following spells:

 Spells                   Type           Power      Damage    Failure   Level
 Inner Flame              Hex/Fire       9%         N/A       9%          3
 Portal Projectile        Hex/Tloc       18%        N/A       9%          3
 Cause Fear               Hex            8%         N/A       13%         4


Dungeon Overview and Level Annotations

Branches:
Dungeon (2/15)

Altars:


Message History

Aim: a hobgoblin (heavily wounded, chance to affect: 67%)
The hobgoblin seems to slow down.
The quokka barely misses you.
You barely miss the hobgoblin.
The hobgoblin is heavily wounded.
The quokka barely misses you. The hobgoblin hits you.
You hit the hobgoblin.
The hobgoblin is severely wounded.
The quokka bites you.
* * * LOW HITPOINT WARNING * * *
The hobgoblin hits you.
* * * LOW HITPOINT WARNING * * *
You barely miss the hobgoblin. Your punch misses the hobgoblin.
The hobgoblin is severely wounded.
The quokka bites you but does no damage.
You hit the hobgoblin.
The hobgoblin is almost dead.
The quokka closely misses you.
The hobgoblin hits you but does no damage.
The quokka bites you.
* * * LOW HITPOINT WARNING * * *
You hit the hobgoblin.
You kill the hobgoblin!
The quokka misses you.
Casting: Slow (safe; 1% risk of failure)
Confirm with . or Enter, or press ? or * to list all spells.
Aiming: Slow (safe; 1% risk of failure)
Press: ? - help, Shift-Dir - straight line, f - quokka
Aim: a quokka (chance to affect: 67%)
The quokka seems to slow down.
The quokka closely misses you.
You closely miss the quokka. You hit the quokka but do no damage.
The quokka bites you.
* * * LOW HITPOINT WARNING * * *
You hit the quokka but do no damage. The quokka misses you.
You hit the quokka.
The quokka is lightly wounded.
The quokka closely misses you.
You barely miss the quokka.
The quokka is lightly wounded.
The quokka bites you.
You die...

##### #...# ####
####### #...###..#
....... #........##
....... #...##....#
....... #...##..#<#
...|...
######..#.#####
..)....
#..#.....##†...#
##.##......@r#.
##..##...........#
#...##..............
#.......<.....###...
#....###........ ..
#....†...#....### .
#....######...#
#...## #...>. #.....
####


You could see a quokka (slow).

Vanquished Creatures
  A dart slug (D:1)
  6 endoplasms (D:1)
  3 goblins (D:1)
  5 hobgoblins
  2 ball pythons
  2 frilled lizards
  4 kobolds
  2 rats
25 creatures vanquished.

Notes
Turn   | Place    | Note
-------+----------+-------------------------------------------
     0 | D:1      | porpoise the Deep Elf Hexslinger began the quest for the
                  | Orb.
     0 | D:1      | Reached XP level 1. HP: 11/11 MP: 5/5
   257 | D:1      | Reached XP level 2. HP: 15/16 MP: 4/7
  1101 | D:2      | Reached XP level 3. HP: 20/20 MP: 9/9
  1116 | D:2      | HP: 1/20 [quokka (5)]
  1119 | D:2      | Slain by a quokka

Illustrated notes

Levels and vault maps discovered:
D:1:      kennysheep_arrival_forest, layout_basic
D:2:      layout_rooms, nicolae_ecumenical_lake_church,
          ebering_dispersal_statue_hall

Skill      XL: |  1  2 |
---------------+-------+-----
Ranged Weapons | 3 |  3.9
Spellcasting   | 2 3 |  3.1
Fighting       | |  0.7
Dodging        | |  2.4
Hexes          | |  4.0

Action                   || total
-------------------------++-------
Melee: Dagger            ||    22
 Fire: Sling             ||    69
 Cast: Slow              ||    25
Armor: Robe              ||     6
Dodge: Dodged            ||    32

Table legend: (Time is in decaauts)
 A = Elapsed time spent in this place.
 B = Non-inter-level travel time spent in this place.
 C = Inter-level travel time spent in this place.
 D = Time resting spent in this place.
 E = Time spent auto-exploring this place.
 F = Levels seen in this place.
 G = Mean time per level.
                   A        B        C        D        E       F      G
               +--------+--------+--------+--------+--------+-----+--------+
         Total |   1128 |   1068 |     60 |    232 |    624 |   2 |  564.0 |
       Dungeon |   1128 |   1068 |     60 |    232 |    624 |   2 |  564.0 |
               +--------+--------+--------+--------+--------+-----+--------+

Top non-repeatable levels by time:
     D:1: 1050 daAuts
     D:2: 77 daAuts
